 Dungeon Crawl Stone Soup version 0.29.1-15-g9cfb28693d (webtiles) character file.

Game seed: 2819609671821977279

18608 nightchill the Severer (level 12, -1/115 HPs)
             Began as a Hill Orc Fighter on Apr 18, 2023.
             Was a High Priest of Zin.
             Slain by an ettin
             ... wielding a +0 dire flail
              (34 damage)
             ... on level 10 of the Dungeon.
             The game lasted 00:30:58 (17749 turns).

nightchill the Severer (Hill Orc Fighter)          Turns: 17749, Time: 00:30:58

Health: -1/115     AC: 14    Str: 20    XL:     12   Next: 60%
Magic:  20/22      EV:  9    Int: 12    God:    Zin [*****.]
Gold:   817        SH:  9    Dex: 10    Spells: 11/11 levels left

rFire   . . .      SeeInvis .   J - +0 morningstar
rCold   . . .      Faith    .   c - +0 buckler
rNeg    . . .      Spirit   .   b - +0 scale mail
rPois   +          Reflect  +   y - +2 helmet
rElec   .          Harm     .   C - +0 cloak
rCorr   .          Rampage  .   (no gloves)
Will    +....                   A - +0 pair of boots
Stlth   ..........              L - amulet of reflection
HPRegen 0.29/turn               v - ring of willpower
MPRegen 0.18/turn               s - ring of poison resistance

@: on recite cooldown
A: no striking features
a: Renounce Religion, Recite, Vitalisation, Imprison, Sanctuary, Donate Gold


You were on level 10 of the Dungeon.
You worshipped Zin.
Zin was extremely pleased with you.
You visited 3 branches of the dungeon, and saw 13 of its levels.
You also visited: Ossuary.

You collected 1130 gold pieces.
You spent 200 gold pieces at shops.
You donated 113 gold pieces to Zin.

Inventory:

Hand Weapons
 a - a +0 war axe
 J - a +0 morningstar (weapon)
 P - a +0 dire flail of protection
 U - a +6 war axe
Armour
 b - a +0 scale mail (worn)
 c - a +0 buckler (worn)
 y - a +2 helmet (worn)
 A - a +0 pair of boots (worn)
 C - a +0 cloak (worn)
Magical Staves
 f - a staff of poison
Jewellery
 i - a ring of positive energy
 m - a ring of ice
 p - a ring of fire
 q - a ring of flight
 s - a ring of poison resistance (right hand)
 v - a ring of willpower (left hand)
 F - a ring of magical power
 L - an amulet of reflection (around neck)
 V - an amulet of guardian spirit
Wands
 Q - a wand of paralysis (10)
 S - a wand of digging (5)
 W - a wand of mindburst (5)
Scrolls
 g - a scroll of enchant armour
 j - 2 scrolls of fear
 k - a scroll of fog
 n - a scroll of immolation
 r - a scroll of brand weapon {unknown}
 u - a scroll of silence {unknown}
 B - a scroll of amnesia {unknown}
 H - 8 scrolls of teleportation
 I - 3 scrolls of vulnerability
 K - a scroll of enchant weapon
 N - a scroll of noise {unknown}
 R - a scroll of torment {unknown}
 T - a scroll of acquirement {unknown}
 X - a scroll of blinking
Potions
 d - 5 potions of mutation
 e - 3 potions of degeneration
 h - 2 potions of cancellation
 l - 5 potions of curing
 o - 3 potions of resistance
 t - 4 potions of lignification
 w - 3 potions of flight
 z - a potion of berserk rage {unknown}
 D - 2 potions of invisibility {unknown}
 E - 3 potions of magic {unknown}
 G - 4 potions of attraction
 M - 2 potions of brilliance {unknown}
 O - 5 potions of haste


   Skills:
 + Level 13.1 Fighting
 - Level 16.0 Axes
 + Level 7.4 Armour
 - Level 3.2 Shields
 * Level 14.0 Invocations


You had 11 spell levels left.
You didn't know any spells.
Your spell library contained the following spells:

 Spells                   Type           Power      Damage    Failure   Level
 Ensorcelled Hibernation  Hex/Ice        0%         N/A       86%         2
 Poisonous Vapours        Pois/Air       0%         N/A       86%         2
 Portal Projectile        Hex/Tloc       0%         N/A       97%         3
 Spider Form              Tmut/Pois      0%         N/A       97%         3
 Tukima's Dance           Hex            0%         N/A       97%         3
 Anguish                  Hex/Necr       0%         N/A       100%        4
 Corpse Rot               Necr/Pois/Air  0%         N/A       100%        4
 Passage of Golubria      Tloc           0%         N/A       100%        4
 Blade Hands              Tmut           0%         N/A       100%        5
 Yara's Violent Unravell  Hex/Tmut       0%         3d3       100%        5


Dungeon Overview and Level Annotations

Branches:
Dungeon (11/15)            Temple (0/1) D:7            Lair (1/5) D:11
    Orc (1/2) D:10        Ossuary (visited)

Altars:
Nemelex Xobeh
Okawaru
Qazlal
Trog
Zin
Beogh

Shops:
D:4 =!!(   D:5 (=(   D:7 !:*[!

Annotations:
D:8 exclusion: downstairs
D:9 1 exclusion
Lair:1 !hydra solution orc first


Message History

You start resting.
An ettin is nearby!
You feel much better. The ettin closely misses you.
You block the ettin's attack.
You hit the ettin.
The ettin is lightly wounded.
The ettin hits you with a +0 dire flail!!
* * * LOW HITPOINT WARNING * * *
The ettin hits you with a +0 dire flail!
* * * LOW HITPOINT WARNING * * *
Activating: Recite (0% risk of failure)
Press: ? - help, Dir - look around, f - activate
Okay, then.
Unknown command.
Activating: Recite (0% risk of failure)
Press: ? - help, Dir - look around, f - activate You clear your throat and prepare to recite. "When the law of the land faltered, Zin rose..."
The ettin closely misses you. The ettin barely misses you.
You impale the ettin!!
The ettin is moderately wounded. "...from the silver throne, and the agents of filth were..."
The troll is dazed by your recitation. The ettin barely misses you.
The ettin hits you with a +0 dire flail!!
* * * LOW HITPOINT WARNING * * *
You hit the ettin.
The ettin is moderately wounded. "...smitten.
And it was thus that the law was made good."
The ettin is dazed by your recitation.
The ettin shouts in stereo!
You finish reciting Ablutions 25:47.
The ettin barely misses you. You block the ettin's attack.
You feel much better. You block the ettin's attack.
The ettin hits you with a +0 dire flail!
* * * LOW HITPOINT WARNING * * *
You feel much better.
The troll is lost in a daze.
The ettin hits you with a +0 dire flail!!
* * * LOW HITPOINT WARNING * * *
The ettin hits you with a +0 dire flail!!
You die...

#..######################.
#....#..####...##.###.##..
######..#####.......#.###..#..#
#...#.......#.##.###..####.#.#.
#...##..####....#.#.....#..#...
#...##....#######..##.##.#...##
#...##....##.T....##..#...##.#.
#...#.....##.C###...#.#.#.....#
#...#.).).####@##.#)....#..#...
#...#))#..##.###.#.#..##..##.##
###...#..#..#....#......#.T#.###.
.........#..###..#..##.>)#..#.##.
#######..#..##..##..###....##.##.
#..#..####.....##C#..#.#...
#..#..##...#..###......#.#.
#..#####.#.##.#.####...##.. #..#
#..###....###......#


You could see an ettin (dazed) and a troll (dazed).

Vanquished Creatures
  A boulder beetle (D:11)
  A catoblepas (D:8)
  2 two-headed ogres
  3 death yaks
  Amaemon (Lair:1)
  Nergalle (D:10)
  A deep elf pyromancer (D:11)
  A cyclops (D:11)
  The ghost of jombi the Insei, a novice OpVM of Dithmenos (D:6)
  2 cane toads (Lair:1)
  An orange demon (Lair:1)
  A kobold demonologist (D:9)
  A troll (D:9)
  A slime creature (D:8)
  A hornet (D:9)
  4 polar bears (D:9)
  4 shadows
  Sigmund (D:2)
  A wyvern (D:8)
  13 yaks
  A vampire (D:11)
  A wraith (D:11)
  Eustachio (D:6)
  2 unseen horror simulacra (D:9)
  Grum (D:10)
  2 vampire mosquitoes (D:11)
  Menkaure (D:5)
  2 acid dragons
  A water moccasin (D:7)
  A black bear (D:4)
  2 orc warriors
  3 ice beasts
  3 ogres
  7 centaurs
  3 wolves
  3 phantoms
  3 kobold brigands
  Blork the orc (D:6)
  A necrophage (D:6)
  4 bullfrogs
  8 scorpions
  2 wights (D:8)
  10 killer bees
  3 troll zombies (D:10)
  An electric eel (D:9)
  11 howler monkeys
  2 centaur zombies (Ossuary)
  A human zombie (D:6)
  6 orc priests
  5 hounds
  3 jellies
  A gnoll bouda (D:8)
  3 iguanas (D:5)
  10 orc wizards
  2 hell rats (D:11)
  3 ogre zombies (D:10)
  2 mummies (Ossuary)
  Robin (D:3)
  11 adders
  5 gnolls (D:8)
  4 river rats (D:11)
  7 white imps
  2 ufetubi
  3 worms
  3 dart slugs
  23 orcs
  9 ball pythons
  6 endoplasms
  3 giant cockroaches
  4 gnoll zombies (Ossuary)
  10 hobgoblins
  3 jackals (D:1)
  7 quokkas
  6 bats
  2 frilled lizards
  10 goblins
  A goblin skeleton (D:10)
  A goblin zombie (D:10)
  6 hobgoblin zombies
  A jackal zombie (D:6)
  20 kobolds
  3 orc skeletons (D:10)
  16 orc zombies
  8 rats
333 creatures vanquished.

Vanquished Creatures (others)
  A vampire mosquito (D:11)
  3 plants
4 creatures vanquished.

Grand Total: 337 creatures vanquished

Notes
Turn   | Place    | Note
-------+----------+-------------------------------------------
     0 | D:1      | nightchill the Hill Orc Fighter began the quest for the
                  | Orb.
     0 | D:1      | Reached XP level 1. HP: 19/19 MP: 1/1
    39 | D:1      | Reached skill level 3 in Axes
    55 | D:1      | Reached XP level 2. HP: 23/27 MP: 2/2
   622 | D:1      | Reached skill level 4 in Axes
   634 | D:1      | Reached XP level 3. HP: 19/33 MP: 3/3
  1386 | D:1      | Found a faded altar of an unknown god.
  1731 | D:2      | Reached XP level 4. HP: 37/41 MP: 4/4
  1732 | D:2      | Reached skill level 5 in Axes
  2000 | D:2      | Noticed Sigmund
  2010 | D:2      | Killed Sigmund
  2011 | D:2      | Reached skill level 5 in Fighting
  2011 | D:2      | Reached skill level 6 in Axes
  2011 | D:2      | Reached XP level 5. HP: 35/48 MP: 5/5
  2011 | D:2      | Reached XP level 6. HP: 40/56 MP: 6/6
  2589 | D:3      | Reached skill level 7 in Axes
  2644 | D:3      | Noticed Robin
  2656 | D:3      | Killed Robin
  3346 | D:4      | Found Udaruur's Distillery.
  3383 | D:4      | Found Zarepnua's Jewellery Boutique.
  3503 | D:4      | Found Rushrup's Weapon Shoppe.
  3567 | D:4      | Noticed a black bear
  3568 | D:4      | Found Lulua's Distillery.
  3585 | D:4      | Killed a black bear
  3586 | D:4      | Reached skill level 8 in Axes
  3586 | D:4      | Reached XP level 7. HP: 35/63 MP: 7/7
  3859 | D:5      | Entered Level 5 of the Dungeon
  3966 | D:5      | Found an iron altar of Okawaru.
  4014 | D:5      | Reached skill level 9 in Axes
  4020 | D:5      | Found Cokhliol's Jewellery Shoppe.
  4042 | D:5      | Found Jirare's Weapon Shoppe.
  4109 | D:5      | Found Kilocip's Weapon Shop.
  4636 | D:5      | Noticed Menkaure
  4641 | D:5      | Killed Menkaure
  4642 | D:5      | Reached XP level 8. HP: 39/73 MP: 8/8
  4848 | D:5      | Reached skill level 10 in Axes
  5224 | D:5      | Found a glowing silver altar of Zin.
  5233 | D:5      | Found a stormy altar of Qazlal.
  5237 | D:5      | Became a worshipper of Zin the Law-Giver
  5237 | D:5      | Reached * piety under Zin
  5372 | D:4      | Bought a ring of poison resistance for 200 gold pieces
  5439 | D:6      | Reached skill level 1 in Invocations
  5548 | D:6      | Reached skill level 11 in Axes
  5723 | D:6      | Found a sand-covered staircase.
  5768 | Ossuary  | Entered an ossuary
  5840 | Ossuary  | Reached ** piety under Zin
  5845 | Ossuary  | Reached XP level 9. HP: 79/81 MP: 11/11
  5893 | Ossuary  | Reached *** piety under Zin
  5909 | Ossuary  | Reached **** piety under Zin
  5927 | Ossuary  | Reached ***** piety under Zin
  6025 | D:6      | Found a runed translucent door.
  6047 | D:6      | Noticed jombi's ghost (novice OpVM)
  6108 | D:6      | Reached skill level 12 in Axes
  6148 | D:6      | Noticed Eustachio
  6159 | D:6      | Killed Eustachio
  6428 | D:6      | Noticed Blork the orc
  6442 | D:6      | Killed Blork the orc
  6728 | D:6      | Killed jombi's ghost
  6906 | D:7      | Found a sparkling altar of Nemelex Xobeh.
  6906 | D:7      | Found a bloodstained altar of Trog.
  6951 | D:7      | Reached skill level 5 in Invocations
  7069 | D:7      | Found Uschon's Book Shop.
  7075 | D:7      | Reached skill level 13 in Axes
  7266 | D:7      | Found Suqur's Distillery.
  7269 | D:7      | Found Sur Der's Armour Shoppe.
  7450 | D:7      | Found a staircase to the Ecumenical Temple.
  7460 | D:7      | Found Kapifem's Assorted Antiques.
  7773 | D:7      | Found Esousk's Distillery.
  7881 | D:8      | Reached XP level 10. HP: 86/91 MP: 14/14
  8074 | D:8      | Reached skill level 14 in Axes
  8238 | D:8      | Noticed a two-headed ogre
  8256 | D:8      | Killed a two-headed ogre
  8257 | D:8      | Reached skill level 10 in Fighting
  8258 | D:8      | Reached ****** piety under Zin
  8856 | D:8      | Noticed a catoblepas
  8888 | D:8      | Killed a catoblepas
  9148 | D:8      | Reached skill level 15 in Axes
  9926 | D:9      | Reached XP level 11. HP: 70/102 MP: 17/17
 10168 | D:9      | Reached skill level 16 in Axes
 11364 | D:9      | Reached skill level 10 in Invocations
 12050 | D:10     | Entered Level 10 of the Dungeon
 12116 | D:10     | Noticed Grum
 12642 | D:10     | Killed Grum
 13156 | D:10     | Reached skill level 5 in Armour
 13256 | D:10     | Found a staircase to the Orcish Mines.
 13581 | D:10     | Noticed Nergalle
 13599 | D:10     | Killed Nergalle
 14083 | D:11     | Noticed a death yak
 14088 | D:11     | Noticed a death yak
 14089 | D:11     | Noticed a death yak
 14446 | D:10     | Killed a death yak
 14723 | D:10     | Killed a death yak
 14724 | D:10     | Reached XP level 12. HP: 32/113 MP: 19/21
 15037 | D:11     | Killed a death yak
 15056 | D:11     | Found a staircase to the Lair.
 15212 | D:11     | Noticed a boulder beetle
 15264 | D:11     | Killed a boulder beetle
 16010 | D:11     | Noticed a two-headed ogre
 16080 | D:11     | Killed a two-headed ogre
 16500 | Lair:1   | Entered Level 1 of the Lair of Beasts
 16738 | Lair:1   | Noticed Amaemon
 16750 | Lair:1   | Killed Amaemon
 17095 | Lair:1   | Noticed a five-headed hydra
 17433 | Orc:1    | Entered Level 1 of the Orcish Mines
 17433 | Orc:1    | Noticed an ettin
 17433 | Orc:1    | Found a roughly hewn altar of Beogh.
 17746 | D:10     | HP: 3/115 [ettin/+0 dire flail (18)]
 17749 | D:10     | Slain by an ettin

Illustrated notes

Levels and vault maps discovered:
D:1:      sevenhm_arrival_forest_fort_small_5, layout_loops_corners,
          hellmonk_ecumenical_altar_leap_of_faith, minmay_misc_feat_nine_boxes,
          nicolae_hexahallways, minmay_misc_feat_plants, kennysheep_crisscross
D:2:      layout_basic, minmay_tromino_mix6, uniq_sigmund
D:3:      cheibrodos_old_hovel, layout_loops_ring, minivault_11,
          serial_bayou_lagoon_b, uniq_robin
D:4:      layout_basic, serial_shops, shop, shop, nicolae_stop_n_shop_2, shop
D:5:      layout_loops_ring, grunt_temple_overflow_open,
          mainiacjoe_overflow_concentric_impassable, serial_shops, shop,
          nicolae_shop_bloodbath_and_beyond, kennysheep_little_box,
          kennysheep_generic_room_13, uniq_menkaure, uniq_crazy_yiuf_cottage
D:6:      layout_gridville, hellmonk_ghost_happy_afterlife, enter_ossuary_3,
          minmay_fractal_squares_5, uniq_blork_the_orc, uniq_eustachio
D:7:      layout_loops_ring, jmf_multi_god_temple, minmay_temple_entry_trees,
          serial_shops, shop, nicolae_shop_trees, shop, shop,
          nicolae_shop_advertising_works [nicolae_subvault_shop_adworks],
          minmay_crossroads
D:8:      layout_cave_pools, hangedman_minor_gate_pass
D:9:      layout_stronghold, serial_ice, serial_ice_k, serial_ice_e,
          serial_ice_c, serial_ice_f, amcnicky_mini_pool_medium
D:10:     layout_basic, zombieorc1_lemuel, uniq_nergalle, uniq_grum
D:11:     layout_loops_ring, dpeg_lair_monsters
Lair:1:   layout_cave_pods, uniq_amaemon
Orc:1:    layout_caves, special_room [special_room_bee], basic_altar

Skill      XL: |  1  2  3  4  5  6  7  8  9 10 11 12 |
---------------+-------------------------------------+-----
Axes           | 3 4 6 8 9 11 13 15 16 | 16.0
Fighting       | 4 5 6 7 8 9 11 12 13 | 13.1
Invocations    | 3 6 8 12 14 | 14.0
Armour         | 6 7 |  7.4
Shields        | |  3.2

Action                   |  1- 3 |  4- 6 |  7- 9 | 10-12 || total
-------------------------+-------+-------+-------+-------++-------
Melee: War axe           |   110 |   169 |   367 |   750 ||  1396
       Morningstar       |       |       |       |    23 ||    23
Invok: Recite            |       |       |     9 |    18 ||    27
       Vitalisation      |       |       |       |     8 ||     8
       Sanctuary         |       |       |       |     3 ||     3
       Imprison          |       |       |       |     3 ||     3
  Use: Potion            |       |     1 |       |     4 ||     5
       Scroll            |       |     1 |     8 |    12 ||    21
 Stab: Confused          |       |       |     3 |     5 ||     8
       Invisible         |       |       |     1 |       ||     1
       Petrified         |       |       |       |     7 ||     7
       Paralysed         |       |       |       |     5 ||     5
Armor: Scale mail        |    64 |   106 |   131 |   252 ||   553
Dodge: Dodged            |    54 |   100 |   114 |   256 ||   524
Block: Buckler           |    35 |    45 |   119 |   315 ||   514
       Reflection        |       |       |     7 |    10 ||    17
